 Dungeon Crawl Stone Soup version 0.31-a0-358-gac0dbeb3ab (webtiles) character file.

Game seed: 12171741686496582275

283671 RepHenryClay the Spry (level 19, -9/158 HPs)
             Began as a Vampire Gladiator on July 25, 2023.
             Was the Champion of Okawaru.
             Killed from afar by an ironbound thunderhulk (64 damage)
             ... with a bolt of lightning
             ... on level 1 of the Vaults on July 26, 2023.
             The game lasted 01:32:40 (40658 turns).

RepHenryClay the Spry (Vampire Gladiator)          Turns: 40658, Time: 01:32:40

Health: -9/158     AC: 18    Str: 15    XL:     19   Next: 76%
Magic:  26/26      EV: 32    Int: 12    God:    Okawaru [******]
Gold:   266        SH: 14    Dex: 23    Spells: 18/18 levels left

rFire   + . .        b - +9 double sword (vamp)
rCold   + . .        I - +0 buckler {AC+3}
rNeg    + + +        M - +0 acid dragon scales
rPois   +            h - +2 hat {Stlth+}
rElec   .            l - scarf {rC+ rF+}
rCorr   +            Z - +0 pair of gloves "Ebletyu" {Rampage rPois rN+ rCorr Dex+3}
SInv    +            z - +1 pair of boots {Fly}
Will    ++...        g - amulet of reflection
Stlth   +++          t - +4 ring of slaying
HPRegen 0.66/turn    r - ring of the Spinneret {Contam rN+++ Will+ SInv Stlth-}
MPRegen 0.20/turn

%: reflection, rampage
@: heroic, frozen, flying, healing quickly, studying Ice Magic, very slow
A: alive, fangs 3, see invisible, vampiric 2
}: 2/15 runes: barnacled, gossamer
a: Exsanguinate, Renounce Religion, Heroism, Finesse, Duel


You were on level 1 of the Vaults.
You worshipped Okawaru.
Okawaru was exalted by your worship.
You visited 8 branches of the dungeon, and saw 35 of its levels.
You also visited: Ossuary and Ice Cave.

You collected 3031 gold pieces.
You spent 2765 gold pieces at shops.

Inventory:

Hand Weapons
 a - the +2 Maxwell's thermic engine {flame, freeze, rev}
   (Okawaru gifted it to you on level 3 of the Lair of Beasts)
 b - a +9 vampiric double sword (weapon)
 f - the +9 long sword of Sunlight {freeze, rElec rC++}
   (You bought it in a shop on level 2 of the Orcish Mines)

   rC:        It greatly protects you from cold.
   rElec:     It insulates you from electricity.
 T - the +6 long sword "Xouth" {vamp, rF+ Will+ Stlth+}
   (Okawaru gifted it to you on level 12 of the Dungeon)

   rF:        It protects you from fire.
   Will:      It increases your willpower.
   Stlth:     It makes you more stealthy.
Missiles
 d - 8 throwing nets
 e - 14 javelins (quivered)
 J - 10 silver javelins
Armour
 h - a +2 hat of stealth (worn)
 l - a scarf of resistance (worn)
 z - a +1 pair of boots of flying (worn)
 I - a +0 buckler of protection (worn)
 M - +0 acid dragon scales (worn)
 Z - the +0 pair of gloves "Ebletyu" (worn) {Rampage rPois rN+ rCorr Dex+3}
   (Okawaru gifted it to you on level 5 of the Lair of Beasts)

   Dex:       It affects your dexterity (+3).
   rPois:     It protects you from poison.
   rN:        It protects you from negative energy.
   rCorr:     It protects you from acid and corrosion.
   Rampage:   It bestows one free step when moving towards enemies.
Jewellery
 g - an amulet of reflection (around neck)
 r - the ring of the Spinneret (right hand) {Contam rN+++ Will+ SInv Stlth-}
   (You bought it in a shop on level 2 of the Shoals)

   [ring of willpower]

   rN:        It renders you almost immune to negative energy.
   SInv:      It lets you see invisible.
   Contam:    It causes magical contamination when unequipped.
   Will:      It increases your willpower.
   Stlth:     It makes you less stealthy.
 t - a +4 ring of slaying (left hand)
 u - a ring of protection from fire
 D - an amulet of regeneration
 R - the ring of Ipsaunga {Fly rC+}
   (You took it off an ironbound convoker on level 1 of the Vaults)

   [ring of protection from cold]

   rC:        It protects you from cold.
   Fly:       It grants you flight.
 V - a +4 ring of protection
Wands
 o - a wand of mindburst (17)
 x - a wand of light (33)
 C - a wand of flame (51)
 H - a wand of paralysis (9)
 P - a wand of roots (8)
 W - a wand of digging (2)
Scrolls
 c - 3 scrolls of revelation
 i - 5 scrolls of teleportation
 n - 2 scrolls of enchant armour
 q - 5 scrolls of blinking
 v - a scroll of amnesia
 y - 5 scrolls of poison
 A - 5 scrolls of fog
 G - 4 scrolls of fear
 U - 2 scrolls of torment
 Y - 3 scrolls of identify {@r1}
Potions
 j - 3 potions of attraction
 k - 14 potions of curing
 m - 8 potions of haste
 p - 2 potions of magic
 s - 2 potions of cancellation
 w - 4 potions of resistance
 B - 5 potions of mutation
 E - 4 potions of enlightenment
 F - 5 potions of invisibility
 N - 4 potions of lignification
 O - 8 potions of ambrosia
 Q - 5 potions of brilliance
 S - 2 potions of might
 X - 6 potions of heal wounds
Miscellaneous
 K - a lightning rod (4/4)
 L - a condenser vane (inert)


   Skills:
 - Level 16.3(21.3) Fighting
 - Level 16.5(21.5) Long Blades
 - Level 1.5(6.5) Throwing
 - Level 6.0(11.0) Armour
 - Level 20.7(25.7) Dodging
 - Level 10.0(15.0) Shields
 - Level 10.0 Invocations
 + Level 12.6 Evocations


You had 18 spell levels left.
You didn't know any spells.
Your spell library contained the following spells:

 Spells                   Type           Power      Damage    Failure   Level
 Foxfire                  Conj/Fire      0%         2x1d4     43%         1
 Kiss of Death            Conj/Necr      0%         2d5       43%         1
 Sandblast                Erth           0%         2d4       43%         1
 Blink                    Tloc           0%         N/A       58%         2
 Ensorcelled Hibernation  Hex/Ice        0%         N/A       58%         2
 Momentum Strike          Conj/Tloc      0%         3d8       58%         2
 Passwall                 Tmut/Erth      0%         N/A       58%         2
 Confusing Touch          Hex            0%         N/A       82%         3
 Portal Projectile        Hex/Tloc       0%         N/A       82%         3
 Stone Arrow              Conj/Erth      0%         3d7       82%         3
 Swiftness                Air            0%         N/A       82%         3
 Vhi's Electric Charge    Tloc/Air       0%         N/A       82%         3
 Volatile Blastmotes      Fire/Tloc      0%         2d10      82%         3
 Anguish                  Hex/Necr       0%         N/A       99%         4
 Cause Fear               Hex            0%         N/A       99%         4
 Dispel Undead            Necr           0%         3d6       99%         4
 Fulminant Prism          Conj/Hex       0%         3d5       99%         4
 Iskenderun's Mystic Bla  Conj/Tloc      0%         2d3       99%         4
 Leda's Liquefaction      Hex/Erth       0%         N/A       99%         4
 Manifold Assault         Tloc           0%         N/A       99%         4
 Passage of Golubria      Tloc           0%         N/A       99%         4
 Arcjolt                  Conj/Air       0%         1d10      100%        5
 Fireball                 Conj/Fire      0%         3d3       100%        5
 Iskenderun's Battlesphe  Conj           0%         2d6       100%        5
 Yara's Violent Unravell  Hex/Tmut       0%         3d3       100%        5
 Conjure Ball Lightning   Conj/Air       0%         3x3d6     100%        6
 Plasma Beam              Fire/Air       0%         2x1d10    100%        6
 Enfeeble                 Hex            0%         N/A       100%        7
 Orb of Destruction       Conj           0%         9d5       100%        7
 Call Canine Familiar     Summ           Unusable   N/A       N/A         3
 Tukima's Dance           Hex            Unusable   N/A       N/A         3

Dungeon Overview and Level Annotations

Branches:
Dungeon (15/15)            Temple (1/1) D:5            Lair (5/5) D:9
 Shoals (4/4) Lair:2       Spider (4/4) Lair:3        Slime (0/5) Lair:5
    Orc (2/2) D:10            Elf (3/3) Orc:2        Vaults (1/5) D:14
 Depths (0/4) D:15        Ossuary (visited)           IceCv (visited)

Altars:
Ashenzari
Cheibriados
Dithmenos
Fedhas
Gozag
Hepliaklqana
Kikubaaqudgha
Makhleb
Nemelex Xobeh
Okawaru
Qazlal
Ru
Sif Muna
Trog
Uskayaw
Vehumet
Wu Jian
Xom
Yredelemnul
Jiyva
Lugonu

Shops:
D:6 (   Orc:2 *!((   Elf:3 ?   Shoals:1 !   Shoals:2 (?!:=

Portals:
Abyss: Lair:5

Annotations:
D:6 1 transporter
Elf:2 3 runed translucent doors


Innate Abilities, Weirdness & Mutations

Your natural rate of healing is accelerated.
You have razor-sharp teeth.
You have supernaturally acute eyesight. (SInv)
You are afflicted with vampirism and can become a bat while bloodless.


Message History

The ice encasing you melts away.
The yaktaur hits you but does no damage.
The vault warden misses you.
You slice the vault warden!!
The vault warden is moderately wounded.
The runic seal fades away.
The vault warden activates a sealing rune.
The yaktaur closely misses you.
Electricity crackles from the ironbound thunderhulk's apparatus.
The bolt of lightning hits you!!! The dire elephant closely misses you.
The dire elephant misses you.
Huge Dmg: -26%(-41hp) hp: 52%(82hp) Clouds condense from the air!
The condenser dries out!
The wizard is engulfed in freezing vapours.
The yaktaur misses you.
The dire elephant completely misses you.
The dire elephant misses you.
The dire elephant is engulfed in poison gas.
The dire elephant is poisoned.
The ironbound frostheart is engulfed in freezing vapours.
The vault warden is engulfed in poison gas.
The vault warden is poisoned.
You block the vault warden's attack.
The yaktaur is engulfed in acidic fog.
The acid corrodes the yaktaur!
The yaktaur is engulfed in negative energy.
Unknown command.
You slice the dire elephant!!
You feel better.
The dire elephant is lightly wounded.
The wizard is engulfed in freezing vapours.
The dire elephant is engulfed in poison gas.
The dire elephant is poisoned.
The ironbound frostheart is engulfed in freezing vapours.
The ironbound frostheart calls freezing cold from the walls.
The frost grips you! You resist.
You are encased in ice.
The dire elephant tramples you!!
* * * LOW HITPOINT WARNING * * *
You hold your ground!
You block the dire elephant's attack.
Electricity crackles from the ironbound thunderhulk's apparatus.
The bolt of lightning hits you!!!
You die...

...#''####..#####################
..##..# #..#...................#
.###..# #..#...................###
...#..####''#...................#..
...'.....'..#...................#..
####.....'..'...................#..
##########...................'..
#### #####+###############.. ...#
#@# #.. ...# #cYpHO.... #.. .###
##pYYp.... #.. ..## §c.#c.#.. #..
...# #§§§§§.. #.. #..# .....#.#.
#.. #### #..#. ... ####' .....# #.
#.... #.###


You could see 3 dire elephants, a vault warden (poisoned), an ironbound
thunderhulk, an ironbound frostheart, 3 yaktaurs, a wizard (invisible) and a
harpy.

Vanquished Creatures
  Rupert (D:12)
  A deep elf blademaster (Elf:2)
  A titan (Shoals:4)
  Kirke (Spider:2)
  Aizul (Shoals:1)
  6 emperor scorpions (Spider:4)
  A deep elf sorcerer (Elf:2)
  Louise (Elf:2)
  2 broodmothers (Spider:4)
  5 ghost moths
  3 formless jellyfish (Vaults:1)
  5 ironbound preservers (Vaults:1)
  A reaper (IceCv)
  2 deep elf annihilators
  3 deep elf demonologists
  12 dire elephants (Vaults:1)
  3 spark wasps
  3 blizzard demons (D:14)
  Snorg (D:10)
  7 merfolk javelineers
  An ettin (Orc:1)
  11 merfolk impalers
  3 great orbs of eyes (Vaults:1)
  A yaktaur captain (Vaults:1)
  7 hydras
  Fannar (Lair:3)
  Josephine (D:14)
  4 entropy weavers
  4 radroaches
  2 merfolk avatars
  9 two-headed ogres
  Erica (D:9)
  An alligator snapping turtle (Shoals:4)
  An ironbound frostheart (Vaults:1)
  An ogre mage (D:15)
  7 centaur warriors
  4 jorogumos
  2 satyrs (Shoals:4)
  15 dancing weapons
  7 merfolk aquamancers
  3 boulder beetles
  5 orc high priests
  3 thrashing horrors (Lair:5)
  A tengu warrior (D:15)
  5 demonic crawlers
  9 deep elf knights
  8 pharaoh ants
  20 deep trolls (Vaults:1)
  11 orb spiders
  A glowing orange brain (Vaults:1)
  6 skysharks
  A death drake (shapeshifter) (D:15)
  9 sea snakes
  2 bog bodies (Shoals:1)
  3 lindwurms (Vaults:1)
  14 steelbarb worms
  11 deep elf archers
  An obsidian statue (D:13)
  14 harpies (Shoals:3)
  2 wizards
  7 orc knights
  11 deep elf pyromancers
  A necromancer (Spider:3)
  17 deep elf zephyrmancers
  24 wolf spiders
  21 ugly things
  5 ironbound convokers (Vaults:1)
  7 wolf spider zombies (Spider:3)
  19 manticores
  5 moths of wrath
  6 cyclopes
  3 ice statues
  A black mamba (shapeshifter) (Lair:5)
  16 elephants
  5 black mambas
  3 torpor snails
  9 water nymphs
  A naga mage (D:15)
  8 merfolk sirens
  2 vault sentinels (Vaults:1)
  A smoke demon (Lair:5)
  7 cane toads
  A gargoyle (D:12)
  An unseen horror (D:11)
  4 freezing wraiths
  A kobold demonologist (D:14)
  Maggie (D:9)
  14 ice devils
  An anaconda simulacrum (IceCv)
  5 komodo dragons
  6 redback zombies (Spider:3)
  4 polar bears
  2 rime drakes
  16 merfolk
  A polar bear (shapeshifter) (D:15)
  12 meliai
  6 trolls
  The ghost of hashsling the Poker, an amateur MfGl of Okawaru (D:4)
  A queen bee (shapeshifter) (D:14)
  11 wind drakes
  A merfolk (shapeshifter) (Elf:1)
  A raiju (Lair:5)
  27 tarantellas
  25 blink frogs
  6 snapping turtles
  9 tarantella zombies (Spider:3)
  24 slime creatures
  13 dream sheep
  3 culicivora zombies (Spider:3)
  33 culicivoras
  A vampire (D:12)
  A spriggan (Lair:5)
  3 air elementals (Shoals:4)
  42 jumping spiders
  A shadow (D:10)
  30 yaks
  8 wyverns
  A dire elephant simulacrum (IceCv)
  31 water elementals
  7 wraiths
  2 hogs
  Grum (D:9)
  A fire elemental (Elf:1)
  5 humans (Spider:4)
  A large abomination (Lair:5)
  2 steam dragons
  10 vampire mosquitoes
  7 basilisks
  5 chaos spawn (Lair:5)
  60 redbacks
  6 wargs
  Menkaure (D:5)
  2 acid dragons
  12 small abominations (Lair:5)
  A swamp worm (shapeshifter) (D:14)
  A warg (shapeshifter) (Elf:2)
  Duvessa (D:5)
  16 water moccasins
  A meliai simulacrum (D:15)
  2 ice beasts
  33 orc warriors
  A sky beast (D:6)
  2 black bears
  8 ogres
  A centaur (shapeshifter) (Lair:5)
  6 wolves
  2 centaurs
  A phantom (D:4)
  3 kobold brigands
  2 elf zombies (Ossuary)
  An earth elemental (Elf:1)
  14 bullfrogs
  A gnoll sergeant (D:10)
  2 cane toad simulacra (IceCv)
  4 scorpions
  A two-headed ogre simulacrum (IceCv)
  10 wights
  Dowan (D:5)
  4 killer bees
  2 electric eels
  2 howler monkeys
  A centaur zombie (Ossuary)
  3 human zombies (Ossuary)
  4 hounds
  7 jellies
  3 gnoll boudas
  27 orc priests
  A sleepcap (D:8)
  2 iguanas
  13 orc wizards
  2 spriggan simulacra (IceCv)
  A polar bear simulacrum (IceCv)
  2 troll simulacra (IceCv)
  4 wolf simulacra (IceCv)
  2 mummies (Ossuary)
  14 gnolls
  3 naga simulacra (IceCv)
  4 adders
  3 white imps (IceCv)
  3 ufetubi
  A worm (D:4)
  A dart slug (D:2)
  65 orcs
  3 ball pythons
  3 endoplasms
  2 giant cockroaches
  4 goblins
  4 hobgoblins
  8 jackals
  5 quokkas
  6 bats
  5 goblin zombies (Ossuary)
  9 hobgoblin zombies (Ossuary)
  23 kobolds
  6 kobold zombies (Ossuary)
  10 orc zombies (Ossuary)
  5 rats
  A rat zombie (Ossuary)
1304 creatures vanquished.

Vanquished Creatures (others)
  A deep elf zephyrmancer (Elf:1)
  A dream sheep (Shoals:4)
  A kobold (D:7)
3 creatures vanquished.

Grand Total: 1307 creatures vanquished

Notes
Turn   | Place    | Note
-------+----------+-------------------------------------------
     0 | D:1      | RepHenryClay the Vampire Gladiator began the quest for the
                  | Orb.
     0 | D:1      | Reached XP level 1. HP: 16/16 MP: 1/1
   193 | D:1      | Reached XP level 2. HP: 22/22 MP: 2/2
   597 | D:2      | Reached skill level 4 in Dodging
   692 | D:2      | Gained mutation: You are afflicted with vampirism and can
                  | become a bat while bloodless. [Vampire growth]
   692 | D:2      | Reached XP level 3. HP: 27/27 MP: 3/3
  1185 | D:3      | Found an opulent altar of Gozag.
  1361 | D:3      | You fall into a shaft and drop 3 floors!
  1392 | D:6      | Found Waoq's Weapon Emporium.
  1424 | D:5      | Entered Level 5 of the Dungeon
  1424 | D:5      | Noticed an ice beast
  1456 | D:6      | Found a transporter.
  1461 | D:6      | Noticed a kobold demonologist
  1462 | D:6      | Noticed a kobold demonologist
  1514 | D:5      | Found a sand-covered staircase.
  1523 | Ossuary  | Entered an ossuary
  1562 | Ossuary  | Reached XP level 4. HP: 33/33 MP: 4/4
  1835 | Ossuary  | Reached skill level 5 in Dodging
  1863 | Ossuary  | Reached XP level 5. HP: 33/38 MP: 5/5
  1870 | Ossuary  | Reached skill level 5 in Long Blades
  1916 | Ossuary  | Reached XP level 6. HP: 41/44 MP: 6/6
  1933 | Ossuary  | Reached skill level 6 in Dodging
  2059 | D:4      | Found a runed translucent gate.
  2060 | D:4      | Found a runed translucent gate.
  2061 | D:4      | Found a runed translucent gate.
  2075 | D:4      | Noticed hashsling's ghost (amateur MfGl)
  2410 | D:5      | Reached XP level 7. HP: 22/49 MP: 7/7
  2508 | D:5      | Reached skill level 7 in Dodging
  2573 | D:4      | Found a burning altar of Makhleb.
  3050 | D:5      | Reached skill level 1 in Shields
  3107 | D:5      | Found a radiant altar of Vehumet.
  3107 | D:5      | Found a blossoming altar of Fedhas.
  3137 | D:5      | Noticed Duvessa
  3139 | D:5      | Noticed Dowan
  3188 | D:4      | Reached XP level 8. HP: 35/55 MP: 8/8
  3357 | D:5      | Noticed Menkaure
  3367 | D:5      | Killed Menkaure
  3492 | D:5      | Killed Duvessa
  3497 | D:5      | Killed Dowan
  3659 | D:5      | Found a staircase to the Ecumenical Temple.
  3672 | Temple   | Entered the Ecumenical Temple
  3726 | Temple   | Became a worshipper of Warmaster Okawaru
  4042 | D:6      | Reached skill level 1 in Invocations
  4317 | D:6      | Reached * piety under Okawaru
  4376 | D:6      | Found a transporter.
  4711 | D:7      | Reached XP level 9. HP: 29/48 MP: 12/12
  4892 | D:6      | Reached skill level 5 in Invocations
  5193 | D:7      | Reached skill level 8 in Dodging
  5543 | D:7      | Reached ** piety under Okawaru
  6069 | D:7      | Reached skill level 9 in Dodging
  6945 | D:8      | HP: 2/48 [orc priest/divine providence (14)]
  7404 | D:9      | Noticed Erica
  7417 | D:9      | Killed Erica
  7417 | D:9      | Reached *** piety under Okawaru
  7418 | D:9      | Reached skill level 10 in Long Blades
  7418 | D:9      | Reached skill level 5 in Shields
  7418 | D:9      | Reached XP level 10. HP: 53/53 MP: 11/13
  7751 | D:9      | Noticed Maggie
  7752 | D:9      | Noticed Grum
  7974 | D:9      | Reached **** piety under Okawaru
  8309 | D:9      | Found a staircase to the Lair.
  8472 | D:10     | Entered Level 10 of the Dungeon
  8631 | D:10     | Noticed a two-headed ogre
  8639 | D:10     | Killed a two-headed ogre
  8655 | D:10     | Noticed Snorg
  8729 | D:10     | Killed Snorg
  8729 | D:10     | Reached ***** piety under Okawaru
  9003 | D:10     | Reached XP level 11. HP: 57/57 MP: 14/14
  9349 | D:10     | Found a staircase to the Orcish Mines.
  9370 | D:10     | Received a gift from Okawaru
  9670 | Lair:1   | Entered Level 1 of the Lair of Beasts
  9716 | Lair:1   | You fall into a shaft and drop 1 floor!
  9783 | Lair:1   | Received a gift from Okawaru
  9949 | Lair:1   | Received a gift from Okawaru
 10326 | Lair:1   | Identified the +7 great sword of Niodih {spect, rC+ rN++
                  | rCorr Int-3} (Okawaru gifted it to you on level 1 of the
                  | Lair of Beasts)
 10326 | Lair:1   | Received a gift from Okawaru
 11124 | Lair:2   | Received a gift from Okawaru
 11233 | Lair:2   | Reached skill level 10 in Shields
 11233 | Lair:2   | Reached XP level 12. HP: 48/62 MP: 15/15
 11510 | Lair:2   | Found a staircase to the Shoals.
 11757 | Lair:3   | Found a hole to the Spider Nest.
 11861 | Lair:3   | Reached ****** piety under Okawaru
 11861 | Lair:3   | Identified the +6 bardiche of the Valley {drain, Int+3}
                  | (Okawaru gifted it to you on level 3 of the Lair of Beasts)
 11861 | Lair:3   | Received a gift from Okawaru
 12091 | Lair:3   | Reached skill level 10 in Dodging
 12205 | Lair:3   | Noticed Fannar
 12206 | Lair:3   | Noticed a five-headed hydra
 12226 | Lair:3   | Killed a one-headed hydra
 12237 | Lair:3   | Killed Fannar
 12356 | Lair:3   | Received a gift from Okawaru
 12357 | Lair:3   | Found the +2 Maxwell's thermic engine {flame, freeze, rev}
 12707 | Lair:3   | Identified the +3 leather armour of Niyt Tym {rElec rPois}
 13211 | Lair:4   | Reached skill level 5 in Fighting
 13353 | Lair:4   | Reached skill level 11 in Dodging
 13892 | Lair:4   | Reached XP level 13. HP: 48/73 MP: 18/18
 13899 | Lair:4   | Received a gift from Okawaru
 14299 | Lair:5   | Entered Level 5 of the Lair of Beasts
 14908 | Lair:5   | Found a staircase to the Slime Pits.
 14908 | Lair:5   | Found a viscous altar of Jiyva.
 15004 | Lair:5   | Identified the +0 pair of gloves "Ebletyu" {Rampage rPois
                  | rN+ rCorr Dex+3} (Okawaru gifted it to you on level 5 of
                  | the Lair of Beasts)
 15004 | Lair:5   | Received a gift from Okawaru
 15193 | Lair:5   | Reached skill level 12 in Dodging
 15945 | Lair:5   | Found a corrupted altar of Lugonu.
 15945 | Lair:5   | Found a one-way gate to the infinite horrors of the Abyss.
 16026 | Lair:5   | Identified the +9 shortbow "Spiderslayer" {elec, rN+}
 16178 | Lair:5   | Identified the +2 glaive of Broken Luck {elec, +Blink rPois
                  | Stlth-}
 16464 | D:4      | Killed hashsling's ghost
 16841 | D:9      | Reached skill level 13 in Dodging
 16841 | D:9      | Killed Maggie
 16841 | D:9      | Received a gift from Okawaru
 16842 | D:9      | Killed Grum
 17013 | Orc:1    | Entered Level 1 of the Orcish Mines
 17128 | Orc:2    | Entered Level 2 of the Orcish Mines
 17201 | Orc:1    | Reached XP level 14. HP: 94/105 MP: 21/21
 17222 | Orc:2    | Found a staircase to the Elven Halls.
 17435 | Orc:2    | Found a burning altar of Makhleb.
 18240 | Orc:1    | Received a gift from Okawaru
 19091 | Orc:2    | Reached skill level 15 in Long Blades
 19107 | Orc:2    | Identified the +5 scimitar of Truncation {antimagic, rN+
                  | rCorr} (Okawaru gifted it to you on level 2 of the Orcish
                  | Mines)
 19107 | Orc:2    | Received a gift from Okawaru
 19254 | Orc:2    | Found Etil's Antique Weapon Boutique.
 19257 | Orc:2    | Found Kobun's Assorted Antiques.
 19258 | Orc:2    | Found Bisaoc's Weapon Boutique.
 19259 | Orc:2    | Found Ywihanwa's Distillery.
 19267 | Orc:2    | Bought 2 potions of heal wounds for 120 gold pieces
 19267 | Orc:2    | Bought 2 potions of heal wounds for 120 gold pieces
 19267 | Orc:2    | Bought a potion of curing for 36 gold pieces
 19267 | Orc:2    | Bought a potion of curing for 36 gold pieces
 19411 | D:11     | Found a frozen archway.
 19420 | IceCv    | Entered an ice cave
 19844 | IceCv    | Noticed a reaper
 19854 | IceCv    | Killed a reaper
 20547 | D:12     | Noticed Rupert
 20567 | D:12     | Killed Rupert
 20567 | D:12     | Identified the +6 long sword "Xouth" {vamp, rF+ Will+
                  | Stlth+} (Okawaru gifted it to you on level 12 of the
                  | Dungeon)
 20567 | D:12     | Received a gift from Okawaru
 21549 | D:13     | Reached skill level 10 in Invocations
 21818 | D:13     | Identified the +10 plate armour "Qimeseru" {rPois rCorr
                  | Int+3} (Okawaru gifted it to you on level 13 of the
                  | Dungeon)
 21818 | D:13     | Received a gift from Okawaru
 21982 | D:13     | Reached XP level 15. HP: 90/90 MP: 22/22
 22129 | D:13     | Reached skill level 1 in Armour
 22645 | D:14     | Found a gate to the Vaults.
 22659 | D:14     | Reached skill level 14 in Dodging
 23444 | D:14     | Noticed Josephine
 23451 | D:14     | Killed Josephine
 23519 | D:14     | Reached skill level 10 in Fighting
 23807 | D:14     | Found the +8 frozen axe "Frostbite" {freeze, freezing
                  | cloud, *Noise Fly rC+}
 23931 | D:15     | Entered Level 15 of the Dungeon
 23969 | D:14     | Identified the +0 pair of gloves "Hipug" {Contam rElec
                  | Int+2 Stlth+} (Okawaru gifted it to you on level 14 of the
                  | Dungeon)
 23969 | D:14     | Received a gift from Okawaru
 24384 | D:15     | Found a staircase to the Depths.
 24574 | D:15     | Reached skill level 15 in Dodging
 24708 | D:15     | Reached skill level 5 in Armour
 25118 | Spider:1 | Entered Level 1 of the Spider Nest
 26200 | Orc:2    | Bought the +9 long sword of Sunlight {freeze, rElec rC++}
                  | for 1242 gold pieces
 26560 | Spider:1 | Reached XP level 16. HP: 117/125 MP: 23/23
 26830 | Spider:1 | Identified a scroll of acquirement
 26831 | Spider:1 | Acquired a +2 double sword of draining
 27053 | Spider:2 | Identified the +0 ring mail of True Grit {+Blink rCorr
                  | Int+5 Slay-5} (Okawaru gifted it to you on level 2 of the
                  | Spider Nest)
 27053 | Spider:2 | Received a gift from Okawaru
 27822 | Spider:2 | Reached skill level 16 in Dodging
 28581 | Spider:2 | HP: 6/127 [poisoned by a redback]
 29458 | Spider:3 | Reached skill level 17 in Dodging
 29645 | Spider:3 | Identified the +2 kite shield of the Gardener {+Inv SInv}
                  | (Okawaru gifted it to you on level 3 of the Spider Nest)
 29645 | Spider:3 | Received a gift from Okawaru
 29897 | Spider:4 | Entered Level 4 of the Spider Nest
 29897 | Spider:4 | Noticed Kirke
 30120 | Spider:4 | Reached XP level 17. HP: 137/137 MP: 24/24
 30415 | Spider:2 | Killed Kirke
 30751 | Spider:4 | Reached skill level 18 in Dodging
 31132 | Spider:4 | Received a gift from Okawaru
 31132 | Spider:4 | Found the +18 Lear's hauberk
 31736 | Spider:4 | Reached skill level 19 in Dodging
 32017 | Spider:4 | Got a gossamer rune of Zot
 32176 | Shoals:1 | Entered Level 1 of the Shoals
 32583 | Shoals:1 | Noticed Aizul
 32605 | Shoals:1 | Killed Aizul
 32728 | Shoals:1 | Reached skill level 15 in Fighting
 32816 | Shoals:1 | Found Noggec's Distillery.
 32820 | Shoals:1 | Bought a potion of cancellation for 112 gold pieces
 32820 | Shoals:1 | Bought a potion of heal wounds for 70 gold pieces
 33356 | Shoals:2 | Found Ukhlud's Magic Scroll Shoppe.
 33358 | Shoals:2 | Found Semish's Book Shoppe.
 33576 | Shoals:2 | Bought a scroll of teleportation for 48 gold pieces
 33581 | Shoals:2 | Found Regiofy's Distillery.
 33604 | Shoals:2 | Received a gift from Okawaru
 33652 | Shoals:2 | Bought a potion of heal wounds for 60 gold pieces
 33704 | Shoals:2 | Found Rackaoki's Antique Weapon Boutique.
 33802 | Shoals:2 | Reached XP level 18. HP: 149/149 MP: 25/25
 34378 | Shoals:2 | Found Lefim's Jewellery Shoppe.
 34783 | Shoals:2 | Bought the ring of the Spinneret {Contam rN+++ Will+ SInv
                  | Stlth-} for 753 gold pieces
 34823 | Shoals:3 | Reached skill level 20 in Dodging
 35665 | Shoals:4 | Entered Level 4 of the Shoals
 35665 | Shoals:4 | Found a stormy altar of Qazlal.
 35678 | Shoals:4 | Paralysed by an air elemental for 1 turns
 35854 | Shoals:4 | Got a barnacled rune of Zot
 36205 | Shoals:4 | Reached skill level 1 in Evocations
 36611 | Shoals:4 | Paralysed by an air elemental for 1 turns
 36675 | Shoals:4 | Paralysed by an air elemental for 1 turns
 36692 | Shoals:4 | Identified the +0 cloak of Twilight {Int+2} (Okawaru gifted
                  | it to you on level 4 of the Shoals)
 36692 | Shoals:4 | Received a gift from Okawaru
 37137 | Elf:1    | Entered Level 1 of the Elven Halls
 37184 | Elf:1    | Reached skill level 5 in Evocations
 37261 | Elf:1    | Got the Monograph on Momentum
 38111 | Elf:2    | Reached XP level 19. HP: 131/158 MP: 26/26
 38394 | Elf:2    | Noticed Louise
 38411 | Elf:2    | Killed Louise
 38507 | Elf:2    | Found a runed translucent gate.
 38507 | Elf:2    | Found a runed translucent gate.
 38507 | Elf:2    | Found a runed translucent gate.
 38704 | Elf:3    | Entered Level 3 of the Elven Halls
 38740 | Elf:3    | Noticed a Brimstone Fiend
 38747 | Elf:3    | Noticed a Brimstone Fiend
 39136 | Elf:3    | Noticed a Tzitzimitl
 39289 | Elf:3    | Identified the +0 robe "Juqiagul" {rElec rPois rC+ Will+++}
                  | (Okawaru gifted it to you on level 3 of the Elven Halls)
 39289 | Elf:3    | Received a gift from Okawaru
 39341 | Elf:3    | Found Vacot's Magic Scroll Emporium.
 39347 | Elf:3    | Bought a scroll of teleportation for 48 gold pieces
 39347 | Elf:3    | Bought a scroll of blinking for 120 gold pieces
 39525 | Vaults:1 | Entered Level 1 of the Vaults
 39616 | Vaults:1 | Reached skill level 10 in Evocations
 39812 | Vaults:1 | Identified the +5 glaive "Nouren" {heavy, rElec}
 39987 | Vaults:1 | Identified the ring of Ipsaunga {Fly rC+}
 40349 | Vaults:1 | Received a gift from Okawaru
 40658 | Vaults:1 | Killed from afar by an ironbound thunderhulk

Illustrated notes

Levels and vault maps discovered:
D:1:      lightli_arrival_maybe_door_vault, layout_rooms
D:2:      layout_loops_ring
D:3:      layout_rooms, mainiacjoe_overflow_concentric_impassable, serial_glass,
          glass_columns_a, glass_columns_a, kennysheep_boxes
D:4:      layout_rooms, lemuel_tele_altar, gammafunk_ghost_split,
          kennysheep_path_1
D:5:      layout_cave_pools, minitemple, minmay_temple_entry_drinking_statues,
          enter_ossuary_3, uniq_menkaure, uniq_duvessa
D:6:      gammafunk_wand_slinger, layout_rooms, serial_shops, shop,
          serial_bayou_lagoon_a
D:7:      layout_basic
D:8:      layout_layer_cave
D:9:      layout_basic, david_lair_shrubbed, uniq_grum, uniq_erica, uniq_maggie
D:10:     layout_basic, minmay_orc_entry_guard_dogs, uniq_snorg
D:11:     layout_basic, portal_ice_cave_entry_pillars_1
D:12:     layout_roguey, serial_glass, glass_columns_b, glass_columns_a,
          elyvilon_altar_5, uniq_rupert
D:13:     layout_basic, grunt_ministairs_2, david_greed
D:14:     layout_rooms, erik_vaults_1, chequers_serial_rivers_room_b,
          hellmonk_guarded_unrand_frostbite, uniq_josephine
D:15:     hangedman_depths_entry_try_elsewhere_first, layout_rooms,
          hangedman_abyss_or_decor_stagger, amethyst_killhole
Temple:   dpeg_five_rooms_temple
Lair:1:   layout_roguey
Lair:2:   layout_regular_city, minmay_shoals_entry_hut
Lair:3:   layout_loops_ring, nicolae_spider_entry_tight_spaces,
          beast_lair_carwin_3, uniq_fannar
Lair:4:   layout_cave_pods
Lair:5:   hellmonk_lair_end_abyssal_woods, layout_cave_pods,
          nicolae_slime_entry_slimehenge, lemuel_fruit_tree
Shoals:1: layout_shoals, serial_shops, nicolae_shop_back_alley_shop,
          nicolae_shoals_secluded_bog, uniq_aizul
Shoals:2: cheibrodos_shoals_roost, layout_shoals, serial_shops,
          nicolae_stop_n_shop_2, nicolae_shop_stone, shop, shop,
          nicolae_shop_statue_plus, nicolae_shoals_hunting_party
Shoals:3: layout_shoals
Shoals:4: shoals_end_hellmonk_storm_palace [storm_palace_center_circular,
          storm_palace_corner_grid, storm_palace_corner_reverse_hut,
          storm_palace_corner_narrow, storm_palace_corner_altar], serial_shops
Spider:1: layout_spider_delve, nicolae_spider_world_wide_web
Spider:2: layout_spider_delve
Spider:3: lemuel_spider_zombies, nicolae_spider_nook
Spider:4: grunt_spider_rune_circles, nicolae_spider_not_touching_you, uniq_kirke
Orc:1:    layout_diamond_mine
Orc:2:    st_orc_pillars, layout_diamond_mine, bloody_makhleb
Elf:1:    layout_geoelf_diagonals, minmay_elf_annihilation,
          serial_sigils_hangedman_clutch
Elf:2:    nicolae_elf_blades_splatter_lattice [nicolae_blade_lattice],
          layout_loops_ring, uniq_louise
Elf:3:    grunt_elf_hall_branching, layout_geoelf_grid, serial_shops,
          nicolae_shop_statue_plus, nicolae_twisty_statue_hallways
Vaults:1: vaults_dpeg_emergency_exit, v_misc_28, hangedman_vaults_nodes,
          nicolae_vaults_tetromino_L_2, nicolae_vaults_an_arrangement,
          nicolae_vaults_border_crossing, vaults_room_door_ring,
          nicolae_vaults_circle_grid_b, ontoclasm_vaults_twist,
          nicolae_vaults_hallways_thing, vaults_room_boxed,
          ontoclasm_vaults_tryst, nicolae_vaults_hexular_roomagon,
          nicolae_vaults_network_quinsquares
          [nicolae_vaults_network_quincunx_subvault,
          nicolae_vaults_network_quincunx_subvault,
          nicolae_vaults_network_quincunx_subvault,
          nicolae_vaults_network_quincunx_subvault], v_alt_pattern_6,
          ontoclasm_vaults_hangar, nicolae_vaults_little_squares_3,
          layout_vaults_omnibox

Skill      XL: |  1  2  3  4  5  6  7  8  9 10 11 12 13 14 15 16 17 18 19 |
---------------+----------------------------------------------------------+-----
Dodging        | 4 5 6 7 9 11 13 15 17 19 20 | 20.7
Long Blades    | 4 5 6 7 8 10 11 13 14 16 | 16.5
Shields        | 1 3 5 7 10 | 10.0
Invocations    | 4 5 7 9 10 | 10.0
Fighting       | 5 8 9 11 13 15 16 | 16.3
Armour         | 5 6 |  6.0
Evocations     | 7 12 | 12.6
Throwing       | |  1.5

Action                     |  1- 3 |  4- 6 |  7- 9 | 10-12 | 13-15 | 16-18 | 19-21 || total
---------------------------+-------+-------+-------+-------+-------+-------+-------++-------
  Melee: Long sword        |   110 |   176 |   312 |       |   154 |   481 |       ||  1233
         Bite              |     7 |    23 |    45 |   108 |   152 |   269 |    86 ||   690
         Punch             |     2 |     2 |     1 |       |       |       |       ||     5
         Dagger            |       |       |    24 |   162 |       |       |       ||   186
         Scimitar          |       |       |       |   350 |       |       |       ||   350
         Double sword      |       |       |       |    67 |   957 |  1273 |   462 ||  2759
  Throw: Throwing net      |       |       |     5 |       |       |       |       ||     5
         Javelin           |       |       |     1 |       |     2 |       |       ||     3
 Invoke: Heroism           |       |       |     1 |     4 |     6 |     6 |     6 ||    23
Ability: Exsanguinate      |       |       |     2 |       |     1 |       |       ||     3
         Revivify          |       |       |       |       |     2 |       |       ||     2
  Evoke: Wand              |       |       |       |     2 |     5 |     8 |       ||    15
         Lightning rod     |       |       |       |       |     4 |     8 |       ||    12
         Condenser vane    |       |       |       |       |       |     1 |     1 ||     2
    Use: Scroll            |     7 |       |    11 |     3 |     8 |    15 |     2 ||    46
         Potion            |       |       |     6 |       |     2 |     2 |       ||    10
   Stab: Sleeping          |       |       |     1 |     9 |    19 |     9 |     1 ||    39
         Invisible         |       |       |     1 |       |       |       |       ||     1
         Held in net/web   |       |       |     1 |       |       |       |       ||     1
         Distracted        |       |       |       |     2 |     4 |     4 |       ||    10
         Paralysed         |       |       |       |       |     3 |       |       ||     3
 Armour: Leather armour    |     2 |       |       |       |       |       |       ||     2
         Ring mail         |    53 |    47 |    57 |   103 |    50 |       |       ||   310
         Steam dragon scal |       |       |       |       |   110 |       |       ||   110
         Acid dragon scale |       |       |       |       |    12 |   350 |    83 ||   445
  Dodge: Dodged            |    70 |    95 |   180 |   231 |   690 |  1553 |   423 ||  3242
  Block: Other             |    25 |    26 |       |       |       |       |       ||    51
         Reflection        |       |     1 |    13 |     2 |    25 |    41 |     8 ||    90
         Buckler           |       |       |   186 |   242 |   649 |  1166 |   303 ||  2546

Table legend: (Time is in decaauts)
 A = Elapsed time spent in this place.
 B = Non-inter-level travel time spent in this place.
 C = Inter-level travel time spent in this place.
 D = Time resting spent in this place.
 E = Time spent auto-exploring this place.
 F = Levels seen in this place.
 G = Mean time per level.
                   A        B        C        D        E       F      G
               +--------+--------+--------+--------+--------+-----+--------+
         Total |  39907 |  36250 |   3657 |   5361 |  22196 |  37 | 1078.6 |
       Dungeon |  15157 |  13663 |   1494 |   1633 |   9172 |  15 | 1010.5 |
        Temple |    106 |      1 |    105 |      0 |      0 |   1 |  106.0 |
          Lair |   7530 |   6583 |    947 |    750 |   4429 |   5 | 1506.0 |
        Shoals |   4468 |   4269 |    199 |    138 |   3002 |   4 | 1117.0 |
   Spider Nest |   5679 |   5339 |    340 |   1733 |   2139 |   4 | 1419.8 |
  Orcish Mines |   2582 |   2169 |    413 |    573 |   1033 |   2 | 1291.0 |
   Elven Halls |   2207 |   2051 |    156 |    435 |   1165 |   3 |  735.7 |
        Vaults |   1045 |   1045 |      0 |      0 |    732 |   1 | 1045.0 |
       Ossuary |    503 |    503 |      0 |     34 |    134 |   1 |  503.0 |
      Ice Cave |    626 |    626 |      0 |     64 |    389 |   1 |  626.0 |
               +--------+--------+--------+--------+--------+-----+--------+

Top non-repeatable levels by time:
  Lair:5: 1889 daAuts
    D:14: 1595 daAuts
Spider:2: 1561 daAuts
  Lair:3: 1559 daAuts
  Lair:2: 1497 daAuts
     D:7: 1493 daAuts
   Orc:2: 1458 daAuts
    D:10: 1414 daAuts
Spider:4: 1391 daAuts
    D:13: 1386 daAuts
Spider:1: 1371 daAuts
Spider:3: 1355 daAuts
  Lair:1: 1345 daAuts
     D:6: 1343 daAuts
     D:9: 1267 daAuts
